 Dungeon Crawl Stone Soup version 0.25.1-11-g244df3a29b (webtiles) character file.

Game seed: 8755870474323649790

341406 DeepDeath the Warrior (level 23, -1/196 HPs)
             Began as a Formicid Gladiator on Dec 19, 2023.
             Was a High Priest of Okawaru.
             Slain by a vault warden
             ... wielding a +0 bardiche
              (35 damage)
             ... on level 4 of the Vaults on Dec 21, 2023.
             The game lasted 04:43:33 (62531 turns).

DeepDeath the Warrior (Formicid Gladiator)         Turns: 62531, Time: 04:43:42

Health: -1/196     AC: 18    Str: 27    XL:     23   Next: 1%
Magic:  0/38       EV: 23    Int: 15    God:    Okawaru [*****.]
Gold:   2075       SH: 11    Dex: 16    Spells: 22/22 levels left

rFire    + . .     SeeInvis +   e - +9 battleaxe (elec)
rCold    + . .     Gourm    .   Q - +3 warlock's mirror {reflect}
rNeg     . . .     Faith    .   d - +4 moon troll leather armour {Spirit, Regen++ MP+5}
rPois    +         Spirit   +   (helmet unavailable)
rElec    .         Reflect  +   i - scarf {rC+ rF+}
rCorr    +         Harm     .   k - +2 pair of gloves {archery}
MR       +++++                  D - +1 pair of boots of Ethics {MR+ rCorr Slay+2 Stlth+}
Stlth    ++++......             u - amulet "Qiza" {rPois Regen+ Int+4}
HPRegen  1.62/turn              y - ring of the Mage {Wiz MR++ Int+3}
MPRegen  0.26/turn              a - +4 ring of slaying

@: heroism, finesse, studying Throwing
A: permanent stasis, dig shafts and tunnels, four strong arms, antennae 3,
talons 1, strong 1
}: 2/15 runes: barnacled, gossamer
a: Dig, Shaft Self, Heroism, Finesse, Renounce Religion


You were on level 4 of the Vaults.
You worshipped Okawaru.
Okawaru was extremely pleased with you.
You were not hungry.

You visited 7 branches of the dungeon, and saw 36 of its levels.
You also visited: Ossuary, Gauntlet, Volcano and Wizlab.

You collected 4914 gold pieces.
You spent 2839 gold pieces at shops.

Inventory:

Hand Weapons
 e - a +9 battleaxe of electrocution (weapon)
 q - a +4 hand crossbow of freezing
 r - the +10 triple crossbow of Propriety {venom, rElec Str+4}
   (Okawaru gifted it to you on level 6 of the Lair of Beasts)

   It poisons the ammo it fires.
   It affects your strength (+4).
   It insulates you from electricity.
 w - the +10 lajatang "Heuci" {flame, rC+++ rN+ MR- SInv}
   (You found it on level 1 of the Spider Nest)

   It has been specially enchanted to burn those struck by it, causing extra
   injury to most foes and up to half again as much damage against particularly
   susceptible opponents.
   Big, fiery blades are also staple armaments of hydra-hunters.
   It renders you almost immune to cold.
   It protects you from negative energy.
   It affects your resistance to hostile enchantments.
   It lets you see invisible.
 R - the +2 battleaxe of Fuomurgh {flame, +Blink MR++ Str-5 Int+3}
   (You bought it in a shop on level 1 of the Orcish Mines)

   It has been specially enchanted to burn those struck by it, causing extra
   injury to most foes and up to half again as much damage against particularly
   susceptible opponents.
   Big, fiery blades are also staple armaments of hydra-hunters.
   It affects your strength (-5).
   It affects your intelligence (+3).
   It affects your resistance to hostile enchantments.
   It lets you blink.
Missiles
 j - 900 bolts
 A - 9 silver boomerangs
 J - 81 javelins (quivered)
 N - 11 throwing nets
 Z - 12 curare-tipped darts
Armour
 d - the +4 moon troll leather armour (worn) {Spirit, Regen++ MP+5}
   (You took it off a moon troll in a wizard's laboratory)

   It affects your magic capacity (+5).
   It increases your rate of regeneration.
 i - a scarf of resistance (worn)
 k - a +2 pair of gloves of archery (worn)
 D - the +1 pair of boots of Ethics (worn) {MR+ rCorr Slay+2 Stlth+}
   (You acquired it on level 3 of the Spider Nest)

   It affects your accuracy and damage with ranged weapons and melee attacks
   (+2).
   It affects your resistance to hostile enchantments.
   It provides partial protection from all sources of acid and corrosion.
   It makes you more stealthy.
 Q - the +3 warlock's mirror (worn) {reflect}
   (You bought it in a shop on level 9 of the Dungeon)
 U - a +2 chain mail of fire resistance
Magical Staves
 v - an uncursed staff of wizardry {unknown}
Jewellery
 a - a +4 ring of slaying (right hand)
 s - an uncursed ring of protection from fire
 u - the amulet "Qiza" (around neck) {rPois Regen+ Int+4}
   (You took it off a merfolk on level 4 of the Shoals)

   [amulet of regeneration]

   It affects your intelligence (+4).
   It protects you from poison.
   It increases your rate of regeneration.
 y - the ring of the Mage (left hand) {Wiz MR++ Int+3}
   (You found it on level 4 of the Shoals)

   [ring of wizardry]

   It improves your spell success rate.
   It affects your intelligence (+3).
   It affects your resistance to hostile enchantments.
Wands
 h - a wand of clouds (6)
 z - a wand of digging (18)
 L - a wand of paralysis (41)
 S - a wand of disintegration (17)
 V - a wand of iceblast (7)
 X - a wand of acid (5)
Scrolls
 l - 3 scrolls of silence
 t - 5 scrolls of fear
 x - 6 scrolls of fog
 C - a scroll of enchant weapon
 G - 5 scrolls of magic mapping
 M - 11 scrolls of remove curse
 O - 4 scrolls of summoning
 Y - a scroll of holy word
Potions
 b - 5 potions of heal wounds
 c - 16 potions of curing
 g - 6 potions of flight
 n - 2 potions of ambrosia
 p - 3 potions of magic
 F - 4 potions of stabbing
 I - 2 potions of might
 K - 4 potions of invisibility
 W - 3 potions of resistance
Books
 E - a manual of Throwing
Miscellaneous
 m - a lightning rod (4/4)
 o - a phial of floods
 B - a phantom mirror
Comestibles
 f - 45 rations


   Skills:
 + Level 19.8(24.8) Fighting
 - Level 12.6(20.0) Axes
   Level 13.8(22.7) Polearms
 - Level 14.9(21.9) Staves
 - Level 10.0(15.0) Crossbows
 + Level 9.0(14.0) Throwing
 * Level 15.5(20.5) Armour
 - Level 10.0(15.0) Dodging
 - Level 2.0(7.0) Stealth
 - Level 9.0(14.0) Shields
 + Level 13.8 Invocations
 - Level 4.0 Evocations


You had 22 spell levels left.
You didn't know any spells.
Your spell library contained the following spells:

 Spells                   Type           Power        Failure   Level  Hunger
 Beastly Appendage        Tmut           #.....       12%         1    ##.....
 Corona                   Hex            #......      12%         1    ##.....
 Freeze                   Ice            #...         12%         1    ##.....
 Sting                    Tmut/Pois      #...         12%         1    ##.....
 Summon Butterflies       Summ           #.......     12%         1    ##.....
 Corpse Rot               Necr/Air       N/A          17%         2    ###....
 Ensorcelled Hibernation  Hex/Ice        #.....       17%         2    ###....
 Sticks to Snakes         Tmut           #.......     17%         2    ###....
 Sublimation of Blood     Necr           #.........   17%         2    ###....
 Call Canine Familiar     Summ           #.......     32%         3    ####...
 Confusing Touch          Hex            #.......     32%         3    ####...
 Dazzling Flash           Conj/Hex       #.....       32%         3    ####...
 Frozen Ramparts          Ice            #.....       32%         3    ####...
 Gell's Gravitas          Tloc           #.........   32%         3    ####...
 Ozocubu's Armour         Chrm/Ice       #.......     32%         3    ####...
 Spider Form              Tmut/Pois      #.........   32%         3    ####...
 Tukima's Dance           Hex            #.......     32%         3    ####...
 Animate Dead             Necr           N/A          71%         4    #####..
 Dispel Undead            Necr           #.......     71%         4    #####..
 Hailstorm                Conj/Ice       #.......     71%         4    #####..
 Ice Form                 Ice/Tmut       #.......     71%         4    #####..
 Petrify                  Tmut/Erth      #.......     71%         4    #####..
 Summon Ice Beast         Ice/Summ       #.......     71%         4    #####..
 Agony                    Necr           #.......     95%         5    ######.
 Alistair's Intoxication  Tmut/Pois      #.......     95%         5    ######.
 Blade Hands              Tmut           #.........   95%         5    ######.
 Borgnjor's Vile Clutch   Necr/Erth      #.........   95%         5    ######.
 Excruciating Wounds      Chrm/Necr      #.........   95%         5    ######.
 Metabolic Englaciation   Hex/Ice        #.........   95%         5    ######.
 Silence                  Hex/Air        #.........   95%         5    ######.
 Summon Mana Viper        Hex/Summ       #.......     95%         5    ######.
 Yara's Violent Unravell  Hex/Tmut       #.........   95%         5    ######.
 Darkness                 Hex            #.........   100%        6    #######
 Death Channel            Necr           #.........   100%        6    #######
 Shadow Creatures         Summ           N/A          100%        6    #######
 Summon Hydra             Summ           #.........   100%        7    #######


Dungeon Overview and Level Annotations

Branches:
Dungeon (15/15)            Temple (1/1) D:7            Lair (6/6) D:10
 Shoals (4/4) Lair:4       Spider (4/4) Lair:2        Slime (0/5) Lair:6
    Orc (2/2) D:9             Elf (0/3) Orc:2        Vaults (4/5) D:14
  Crypt (0/3) Vaults:2     Depths (0/5) D:15        Ossuary (visited)
Volcano (visited)          WizLab (visited)         Gauntlet (visited)

Altars:
Ashenzari
Cheibriados
Dithmenos
Elyvilon
Fedhas
Gozag
Hepliaklqana
Kikubaaqudgha
Makhleb
Nemelex Xobeh
Okawaru
Qazlal
Ru
Sif Muna
Trog
Uskayaw
Vehumet
Wu Jian
Xom
Yredelemnul
Zin
The Shining One
Beogh

Shops:
D:9 ([   D:14 }?(   Orc:1 (:*(   Orc:2 :!*!   Shoals:4 [   Vaults:2 =
Vaults:3 *

Portals:
Trove: Vaults:2 (give +6 fire dragon scales)


Innate Abilities, Weirdness & Mutations

You cannot be hasted, slowed, berserked, paralysed or teleported.
You can dig through walls and to a lower floor.
Your four strong arms can wield two-handed weapons with a shield.
You have a pair of large antennae on your head. (SInv)
You have sharp toenails.
Your muscles are strong. (Str +2)


Message History

Unknown command.
Unknown command.
You completely miss the vault warden.
The vault warden is lightly wounded.
You slice the yaktaur captain!!
Unknown command.
You feel much better.
The vault warden hits you with a +2 glaive of venom.
* * * LOW HITPOINT WARNING * * *
The yaktaur captain hits you!
* * * LOW HITPOINT WARNING * * *
Unknown command.
Your moon troll leather armour prevents you from hitting the vault warden.
The vault warden is lightly wounded.
You slash the yaktaur captain!
You kill the yaktaur captain!
Okawaru accepts your kill.
Your base Throwing skill increases to level 9!
The vault warden hits you from afar with a +0 bardiche!!!
You die...

....# #...#
#.......# #####
##### #.......#
###+##########
#.............
#..§..........
#.............
#...§........)
#..§§§§...>.)(
#§§§§§@.......
#§§§§§p§......
.+§§§p§§..[....
..#§§§§§§.......
..###+###+######
.. ..# #.. { ..#
{ ..# {


You could see 2 vault wardens.

Vanquished Creatures
  Arachne (Spider:4)
  A lich (Vaults:1)
  A moon troll (WizLab)
  Asterion (Spider:3)
  A quicksilver dragon (WizLab)
  9 tentacled starspawn (WizLab)
  Gastronok (Lair:2)
  Frances (D:13)
  2 sphinxes
  Donald (Shoals:1)
  A tengu reaver (Vaults:4)
  The ghost of Kehia the Scorcher, an adept DrWn of Okawaru (Shoals:4)
  A storm dragon (Vaults:2)
  Ilsuiw (Shoals:2)
  3 fire giants (Vaults:4)
  A frost giant (Vaults:4)
  6 ghost moths
  5 ironheart preservers
  7 vault wardens
  3 emperor scorpions
  2 cacodemons
  2 very ugly things (WizLab)
  A war gargoyle (Vaults:4)
  14 stone giants
  9 entropy weavers
  7 spark wasps
  A red draconian (Volcano)
  A minotaur (Gauntlet)
  8 merfolk javelineers
  An ettin (Vaults:2)
  A deep elf death mage (Vaults:1)
  2 crystal guardians (WizLab)
  6 ogre magi
  A fire dragon (Vaults:3)
  7 merfolk impalers
  4 vault guards (D:14)
  9 great orbs of eyes
  8 yaktaur captains
  The ghost of Balder the Spear-Bearer, a journeyman TeBe of Trog (Orc:2)
  A rakshasa (Vaults:3)
  3 ice dragons (Vaults:2)
  8 hydras
  8 merfolk avatars
  3 alligator snapping turtles (Shoals:4)
  2 death knights
  6 centaur warriors
  A satyr (Shoals:3)
  21 two-headed ogres
  9 death yaks
  A deep troll earth mage (Vaults:3)
  3 tengu warriors (D:15)
  A queen ant (Lair:4)
  4 merfolk aquamancers (Shoals:4)
  2 deep troll shamans
  6 orc high priests
  Urug (Lair:2)
  6 deep elf knights
  Sonja (Lair:2)
  A wretched star (WizLab)
  A shadow wraith (Vaults:4)
  5 skeletal warriors (Vaults:2)
  8 glowing orange brains (WizLab)
  12 sea snakes
  6 deep trolls
  4 unseen horrors
  A wizard (Vaults:3)
  2 unseen horrors (shapeshifter) (Vaults:1)
  19 orc knights
  2 orange crystal statues
  12 starcursed masses (WizLab)
  6 deep elf archers
  16 harpies
  8 ironbrand convokers
  9 deep elf magi
  A lindwurm (shapeshifter) (Vaults:2)
  24 orb spiders
  2 oklob plants
  22 wolf spiders
  A faun (shapeshifter) (Vaults:2)
  3 orc sorcerers
  9 fauns
  2 fire giant skeletons (Vaults:2)
  22 cyclopes
  13 manticores
  2 sphinx skeletons (Vaults:2)
  10 merfolk sirens
  3 moths of wrath
  24 ugly things
  14 elephants
  6 vault sentinels
  2 black mambas
  2 molten gargoyles (Volcano)
  A guardian serpent (shapeshifter) (Vaults:1)
  2 torpor snails
  8 water nymphs
  3 frost giant skeletons (Vaults:2)
  7 eyes of devastation (WizLab)
  A kobold demonologist (D:14)
  6 spiny frogs
  Maggie (D:10)
  7 rime drakes
  33 yaktaurs
  9 demonic crawlers
  5 komodo dragons
  4 freezing wraiths
  A yaktaur (shapeshifter) (Vaults:3)
  A yaktaur skeleton (Vaults:2)
  25 jumping spiders
  A hornet (shapeshifter) (D:13)
  3 meliai (D:15)
  A tengu conjurer (D:14)
  A polar bear (shapeshifter) (Vaults:1)
  12 trolls
  2 polar bears (Lair:6)
  11 hornets
  A blink frog (shapeshifter) (Vaults:4)
  4 wind drakes
  2 wolf spider simulacra
  8 slime creatures
  4 blink frogs (Lair:6)
  15 hippogriffs
  49 merfolk
  12 dream sheep
  A wind drake (shapeshifter) (D:14)
  17 snapping turtles
  33 tarantellas
  A shadow (D:14)
  3 wraiths
  18 wyverns
  Sigmund (D:5)
  87 redbacks
  4 water elementals
  28 yaks
  A hungry ghost (D:13)
  A vampire (D:15)
  11 basilisks
  A neqoxec (WizLab)
  2 fire bats (Volcano)
  2 steam dragons
  7 wargs
  A yaktaur simulacrum (Vaults:3)
  3 acid dragons
  17 soldier ants (Lair:4)
  10 porcupines
  11 water moccasins
  A black bear (D:10)
  An eye of draining (D:11)
  3 ice beasts
  71 orc warriors
  3 sky beasts
  A necrophage (D:11)
  4 phantoms
  7 boggarts
  33 ogres
  An orc skeleton (Vaults:2)
  15 wolves
  7 human skeletons (Vaults:2)
  20 centaurs
  12 crocodiles
  3 big kobolds
  17 bullfrogs
  An elf zombie (Ossuary)
  A human simulacrum (Vaults:2)
  A wyvern zombie (D:6)
  2 scorpions
  8 killer bees
  9 wights
  4 electric eels
  A vampire bat (D:4)
  A howler monkey (D:14)
  5 crimson imps
  A bullfrog zombie (D:11)
  4 lava snakes (Volcano)
  4 centaur zombies
  2 bullfrog skeletons
  3 centaur skeletons
  6 hounds
  10 jellies
  48 orc wizards
  43 orc priests
  Ijyb (D:3)
  5 iguanas
  32 worker ants
  A killer bee zombie (D:8)
  A big kobold zombie (Ossuary)
  2 hound zombies (Ossuary)
  3 mummies (Ossuary)
  6 gnolls
  A howler monkey zombie (D:9)
  7 adders
  5 shadow imps
  A white imp (Vaults:1)
  14 oozes
  2 adder zombies (Ossuary)
  An adder skeleton (D:8)
  2 worms (D:4)
  4 dart slugs
  10 leopard geckos
  142 orcs
  6 giant cockroaches
  A gnoll zombie (Ossuary)
  6 goblins
  9 hobgoblins
  7 jackals
  19 kobolds
  2 quokkas
  3 ball pythons
  15 bats
  3 frilled lizards
  3 goblin zombies
  3 hobgoblin zombies (Ossuary)
  A jackal skeleton (D:4)
  4 jackal zombies (Ossuary)
  3 kobold zombies (Ossuary)
  A leopard gecko skeleton (D:4)
  4 orc zombies (Ossuary)
  A quokka skeleton (D:6)
  3 quokka zombies
  8 rats
  6 rat zombies (Ossuary)
  A bush (Lair:2)
  3 fungi
  A plant (Shoals:4)
  8 starspawn tentacles (WizLab)
1708 creatures vanquished.

Vanquished Creatures (others)
  A jumping spider (Spider:4)
  A tarantella (Spider:4)
  An orc priest (Orc:2)
  11 demonic plants
  17 fungi
  25 plants
  10 starspawn tentacles (WizLab)
66 creatures vanquished.

Grand Total: 1774 creatures vanquished

Notes
Turn   | Place    | Note
-------+----------+-------------------------------------------
     0 | D:1      | DeepDeath the Formicid Gladiator began the quest for the
                  | Orb.
     0 | D:1      | Reached XP level 1. HP: 16/16 MP: 1/1
    66 | D:1      | Reached XP level 2. HP: 15/22 MP: 2/2
   322 | D:1      | Reached skill level 1 in Armour
   474 | D:1      | Reached XP level 3. HP: 27/27 MP: 3/3
   988 | D:2      | Found a snail-covered altar of Cheibriados.
  1370 | D:2      | Reached XP level 4. HP: 32/33 MP: 4/4
  1388 | D:2      | Found a shimmering blue altar of Sif Muna.
  1832 | D:3      | Noticed Ijyb
  1949 | D:3      | Killed Ijyb
  1987 | D:3      | Reached XP level 5. HP: 32/38 MP: 5/5
  2103 | D:3      | Reached skill level 5 in Staves
  2427 | D:3      | You fall into a shaft and drop 2 floors!
  2427 | D:5      | Entered Level 5 of the Dungeon
  2427 | D:5      | Found a sand-covered staircase.
  2466 | Ossuary  | Entered an ossuary
  2748 | Ossuary  | Reached XP level 6. HP: 25/44 MP: 6/6
  3318 | Ossuary  | Reached XP level 7. HP: 26/51 MP: 7/7
  3622 | D:5      | Reached skill level 1 in Evocations
  3746 | D:4      | Reached skill level 3 in Fighting
  4775 | D:3      | Found a burning altar of Makhleb.
  4776 | D:3      | Found an ancient bone altar of Kikubaaqudgha.
  4905 | D:4      | Reached XP level 8. HP: 48/58 MP: 8/8
  5790 | D:5      | Noticed Sigmund
  5802 | D:5      | Killed Sigmund
  6312 | D:5      | Reached skill level 4 in Fighting
  6440 | D:5      | Reached XP level 9. HP: 65/65 MP: 10/10
  7006 | D:5      | Reached skill level 10 in Staves
  7906 | D:7      | Found a shadowy altar of Dithmenos.
  7920 | D:7      | Found an ornate altar of the Wu Jian Council.
  8037 | D:7      | Found a staircase to the Ecumenical Temple.
  8046 | Temple   | Entered the Ecumenical Temple
  8157 | Temple   | Became a worshipper of Warmaster Okawaru
  8933 | D:8      | Reached skill level 1 in Invocations
  9371 | D:8      | Reached * piety under Okawaru
  9391 | D:8      | Reached skill level 5 in Fighting
  9391 | D:8      | Reached skill level 5 in Armour
  9391 | D:8      | Reached XP level 10. HP: 65/74 MP: 11/11
  9625 | D:8      | Reached skill level 5 in Throwing
 10005 | D:8      | Noticed a two-headed ogre
 10032 | D:8      | Killed a two-headed ogre
 10032 | D:8      | Reached ** piety under Okawaru
 11289 | D:9      | Found a staircase to the Orcish Mines.
 11296 | D:9      | Found Romudin's Armour Shop.
 11317 | D:9      | Reached skill level 1 in Crossbows
 11338 | D:9      | Found Pekh's Weapon Shop.
 11500 | D:9      | Bought the +3 warlock's mirror {reflect} for 520 gold
                  | pieces
 11500 | D:9      | Found the +3 warlock's mirror {reflect}
 11603 | D:9      | Found a shimmering altar of Xom.
 11632 | D:9      | Reached *** piety under Okawaru
 11745 | D:9      | Reached skill level 1 in Polearms
 11745 | D:9      | Reached skill level 1 in Shields
 11765 | D:9      | Identified the +6 spear "Ifrun" {holy, rPois Str+3 Int+2}
 11868 | D:10     | Entered Level 10 of the Dungeon
 11882 | D:10     | Noticed Maggie
 11902 | D:10     | Killed Maggie
 12037 | D:10     | Reached XP level 11. HP: 80/80 MP: 13/13
 12085 | D:10     | Noticed a cyclops
 12099 | D:10     | Killed a cyclops
 12272 | D:10     | Found a staircase to the Lair.
 12338 | D:10     | Reached **** piety under Okawaru
 12580 | D:10     | Reached skill level 6 in Fighting
 12843 | D:10     | Received a gift from Okawaru
 13962 | Lair:1   | Entered Level 1 of the Lair of Beasts
 13972 | Lair:1   | Reached skill level 5 in Polearms
 14000 | Lair:1   | Noticed a five-headed hydra
 14012 | Lair:1   | Killed a one-headed hydra
 14012 | Lair:1   | Reached skill level 7 in Fighting
 14159 | Lair:1   | Reached ***** piety under Okawaru
 15017 | Lair:1   | Identified the +1 leather armour "Jaclail" {*Corrode rC++
                  | MP+9 Int+4} (You found it on level 1 of the Lair of Beasts)
 15065 | Lair:2   | Noticed Sonja
 15070 | Lair:2   | Killed Sonja
 15077 | Lair:2   | Received a gift from Okawaru
 15078 | Lair:2   | Got a smoking robe {god gift}
 15080 | Lair:2   | Noticed Urug
 15095 | Lair:2   | Killed Urug
 15095 | Lair:2   | Reached XP level 12. HP: 91/91 MP: 15/15
 15185 | Lair:2   | Found a hole to the Spider Nest.
 15416 | Lair:2   | Noticed Gastronok
 15434 | Lair:2   | Killed Gastronok
 15457 | Lair:2   | Identified the +1 robe of the Quahog {rF+ rCorr} (Okawaru
                  | gifted it to you on level 2 of the Lair of Beasts)
 15831 | Lair:2   | Reached skill level 5 in Shields
 17844 | Lair:3   | Noticed a death yak
 17846 | Lair:3   | Noticed a death yak
 17847 | Lair:3   | Noticed a death yak
 17861 | Lair:3   | Killed a death yak
 17861 | Lair:3   | Received a gift from Okawaru
 17865 | Lair:3   | Killed a death yak
 17865 | Lair:3   | Reached skill level 5 in Invocations
 17872 | Lair:3   | Killed a death yak
 17872 | Lair:3   | Reached skill level 5 in Crossbows
 17872 | Lair:3   | Reached XP level 13. HP: 71/98 MP: 14/17
 18526 | Lair:4   | Reached skill level 8 in Fighting
 18681 | Lair:4   | Found a dark tunnel.
 18705 | Volcano  | Entered a volcano
 18927 | Volcano  | Found a bloodstained altar of Trog.
 18927 | Volcano  | Noticed a centaur warrior
 18934 | Volcano  | Killed a centaur warrior
 19088 | Volcano  | Noticed a red draconian
 19106 | Volcano  | Killed a red draconian
 20019 | Lair:4   | Found a staircase to the Shoals.
 20636 | Lair:5   | Found a gate leading to a gauntlet.
 20664 | Gauntlet | Entered a Gauntlet
 20664 | Gauntlet | Found a transporter.
 20664 | Gauntlet | Found a transporter.
 20664 | Gauntlet | Found a transporter.
 20666 | Gauntlet | Found a transporter.
 20670 | Gauntlet | Found a transporter.
 20670 | Gauntlet | Found a transporter.
 20684 | Gauntlet | Found a transporter.
 20688 | Gauntlet | Found a transporter.
 20697 | Gauntlet | Noticed a hell beast
 20697 | Gauntlet | Found a transporter.
 20697 | Gauntlet | Found a transporter.
 20697 | Gauntlet | Noticed a cacodemon
 20698 | Gauntlet | Found a transporter.
 20701 | Gauntlet | Found a transporter.
 21046 | Gauntlet | Gained mutation: You are covered in fur. (AC +1) [a
                  | cacodemon]
 21058 | Gauntlet | Killed a cacodemon
 21058 | Gauntlet | Reached skill level 9 in Fighting
 21058 | Gauntlet | Reached skill level 10 in Polearms
 21080 | Gauntlet | Got a faintly glowing amethyst amulet
 21083 | Gauntlet | Identified the amulet "Jephos" {Spirit rC+} (You found it
                  | in a Gauntlet)
 21198 | Gauntlet | Identified the cursed +0 hand axe of Purpose {drain, Dex+3}
 21198 | Gauntlet | Noticed a minotaur
 21222 | Gauntlet | Killed a minotaur
 21271 | Gauntlet | Identified the Incunabulum of Venomous Evil
 21318 | Lair:5   | Received a gift from Okawaru
 21630 | Lair:5   | You fall into a shaft and drop 1 floor!
 21630 | Lair:6   | Entered Level 6 of the Lair of Beasts
 21801 | Lair:6   | Reached XP level 14. HP: 61/108 MP: 11/18
 21806 | Lair:6   | Received a gift from Okawaru
 21863 | Lair:6   | Reached skill level 10 in Fighting
 22898 | Lair:6   | Received a gift from Okawaru
 23142 | Lair:6   | Received a gift from Okawaru
 23403 | Lair:6   | Found a staircase to the Slime Pits.
 23842 | Lair:6   | Received a gift from Okawaru
 23907 | Lair:6   | Reached skill level 1 in Stealth
 23994 | Lair:6   | Received a gift from Okawaru
 23999 | Lair:6   | Got an encrusted triple crossbow {god gift}
 24450 | Lair:6   | Reached XP level 15. HP: 115/115 MP: 19/19
 24645 | Lair:2   | Identified the +10 triple crossbow of Propriety {venom,
                  | rElec Str+4} (Okawaru gifted it to you on level 6 of the
                  | Lair of Beasts)
 25004 | Lair:6   | Got a crystal trident
 25310 | Lair:2   | Identified the +9 trident of Jugror {flame, *Noise Int+6
                  | Dex+6} (You found it on level 6 of the Lair of Beasts)
 25403 | Orc:1    | Entered Level 1 of the Orcish Mines
 25619 | Orc:1    | Found a roughly hewn altar of Beogh.
 25628 | Orc:1    | Found Pail's General Store.
 25638 | Orc:1    | Found Qitimomn's Weapon Shoppe.
 25837 | Orc:1    | Bought a potion of curing for 39 gold pieces
 26032 | Orc:1    | Found Luryl's Antique Weapon Boutique.
 26038 | Orc:1    | Found Zabef's Book Shoppe.
 26296 | Orc:1    | Bought the +2 battleaxe of Fuomurgh {flame, +Blink MR++
                  | Str-5 Int+3} for 558 gold pieces
 26566 | Orc:2    | Entered Level 2 of the Orcish Mines
 26658 | Orc:2    | Found a staircase to the Elven Halls.
 26829 | Orc:2    | Found a runed translucent gate.
 26829 | Orc:2    | Found a runed translucent gate.
 26829 | Orc:2    | Found a runed translucent gate.
 26835 | Orc:2    | Noticed Balder's ghost (journeyman TeBe)
 26837 | Orc:2    | Identified the +3 chain mail "Lot Dezxine" {*Contam Regen+
                  | MP+9 Dex+3}
 26838 | Orc:2    | Found a roughly hewn altar of Beogh.
 26839 | Orc:2    | Identified the +5 rapier of Equivalence {flame, rElec rPois
                  | rC- Int-3}
 27189 | Orc:2    | Received a gift from Okawaru
 27638 | Orc:2    | Reached skill level 11 in Fighting
 27821 | Orc:2    | Found Vubu's Distillery.
 27821 | Orc:2    | Found Wiosue Zunou's Distillery.
 27910 | Orc:2    | Found Dereicerch's Assorted Antiques.
 27915 | Orc:2    | Found Riveuc's Book Shop.
 27919 | Orc:2    | Bought a potion of degeneration for 12 gold pieces
 27924 | Orc:2    | Bought a potion of heal wounds for 125 gold pieces
 27924 | Orc:2    | Bought a scroll of identify for 50 gold pieces
 27924 | Orc:2    | Bought a scroll of identify for 50 gold pieces
 28341 | Orc:2    | Killed Balder's ghost
 28341 | Orc:2    | Reached skill level 1 in Axes
 28730 | Lair:4   | Received a gift from Okawaru
 29171 | Lair:4   | Reached ****** piety under Okawaru
 29611 | D:11     | Received a gift from Okawaru
 30563 | D:12     | Reached XP level 16. HP: 126/126 MP: 22/22
 30691 | D:12     | Received a gift from Okawaru
 30864 | D:12     | Found a transporter.
 30867 | D:12     | Found a transporter.
 31430 | D:13     | Received a gift from Okawaru
 31611 | D:13     | Noticed Frances
 31623 | D:13     | Killed Frances
 31623 | D:13     | Reached skill level 10 in Crossbows
 31775 | D:14     | Found Pegromas's Gadget Emporium.
 31829 | D:14     | Bought a wand of clouds (8) for 576 gold pieces
 31992 | D:14     | Found a gate to the Vaults.
 32045 | D:14     | Reached skill level 12 in Fighting
 32291 | D:14     | Reached skill level 5 in Axes
 32319 | D:14     | Reached skill level 10 in Invocations
 32321 | D:14     | Received a gift from Okawaru
 32760 | D:14     | Found Ymorosor's Magic Scroll Shop.
 32765 | D:14     | Bought a scroll of identify for 20 gold pieces
 32774 | D:14     | Found Omeb's Weapon Shoppe.
 32949 | D:15     | Entered Level 15 of the Dungeon
 33280 | D:15     | Found a staircase to the Depths.
 34326 | D:15     | Found a sacrificial altar of Ru.
 34797 | Orc:2    | Bought a potion of flight for 36 gold pieces
 34797 | Orc:2    | Bought a potion of flight for 36 gold pieces
 34798 | Orc:2    | Bought a potion of flight for 51 gold pieces
 35258 | Orc:2    | Bought a potion of invisibility for 136 gold pieces
 35507 | Shoals:1 | Entered Level 1 of the Shoals
 35514 | Shoals:1 | Reached XP level 17. HP: 118/135 MP: 20/24
 35701 | Shoals:1 | Found a runed translucent door.
 35705 | Shoals:1 | Received a gift from Okawaru
 35969 | Shoals:1 | Reached skill level 13 in Fighting
 36280 | Shoals:1 | Noticed Donald
 36301 | Shoals:1 | Killed Donald
 37509 | Shoals:2 | Noticed Ilsuiw
 37525 | Shoals:2 | Received a gift from Okawaru
 37560 | Shoals:2 | Killed Ilsuiw
 38273 | Shoals:2 | Got a smoking falchion
 38838 | Lair:2   | Identified the +10 falchion of Prudence {freeze, rElec
                  | rF++} (You found it on level 2 of the Shoals)
 38986 | Shoals:3 | Reached skill level 14 in Fighting
 39411 | Shoals:3 | Received a gift from Okawaru
 40091 | Shoals:3 | Reached XP level 18. HP: 146/146 MP: 27/27
 40541 | Shoals:3 | Identified the cursed +0 ring mail of Infinity {rC+} (You
                  | found it on level 3 of the Shoals)
 40835 | Shoals:4 | Entered Level 4 of the Shoals
 40963 | Shoals:4 | Found a large runed translucent door.
 40963 | Shoals:4 | Found a large runed translucent door.
 40966 | Shoals:4 | Noticed Kehia's ghost (adept DrWn)
 41249 | Shoals:4 | Reached skill level 5 in Dodging
 42177 | Shoals:4 | Reached skill level 10 in Armour
 42182 | Shoals:4 | Reached skill level 15 in Fighting
 42254 | Shoals:4 | Received a gift from Okawaru
 42719 | Shoals:4 | Identified the cursed +1 hand axe "Lonasuosk" {vorpal,
                  | *Drain +Inv rPois MR+} (You found it on level 4 of the
                  | Shoals)
 42723 | Shoals:4 | Identified the amulet "Qiza" {rPois Regen+ Int+4}
 42872 | Shoals:4 | Received a gift from Okawaru
 42895 | Shoals:4 | Received a gift from Okawaru
 42987 | Shoals:4 | Got a barnacled rune of Zot
 43315 | Shoals:4 | Found Apiuvidi's Armour Emporium.
 44345 | Shoals:4 | Found the ring of the Mage {Wiz MR++ Int+3}
 44898 | Spider:1 | Entered Level 1 of the Spider Nest
 44956 | Spider:1 | Found a transporter.
 44974 | Spider:1 | Found a transporter.
 45203 | Spider:1 | Reached skill level 16 in Fighting
 46199 | Spider:2 | Reached XP level 19. HP: 146/157 MP: 28/28
 47223 | Spider:3 | Identified a scroll of acquirement
 47224 | Spider:3 | Acquired the +1 pair of boots of Ethics {MR+ rCorr Slay+2
                  | Stlth+}
 47472 | Spider:3 | Noticed Asterion
 47493 | Spider:3 | Killed Asterion
 47493 | Spider:3 | Received a gift from Okawaru
 48781 | Spider:4 | Entered Level 4 of the Spider Nest
 49374 | Spider:4 | Reached skill level 17 in Fighting
 49386 | Spider:4 | Received a gift from Okawaru
 50001 | Spider:4 | Received a gift from Okawaru
 50324 | Spider:4 | Noticed Arachne
 50341 | Spider:4 | Received a gift from Okawaru
 50363 | Spider:4 | Killed Arachne
 50950 | Spider:4 | Reached XP level 20. HP: 27/168 MP: 27/29
 51772 | Spider:4 | Got a gossamer rune of Zot
 52118 | Vaults:1 | Entered Level 1 of the Vaults
 52138 | Vaults:1 | Noticed a lich
 52146 | Vaults:1 | Killed a lich
 53118 | Vaults:1 | Reached skill level 18 in Fighting
 53138 | Vaults:1 | Received a gift from Okawaru
 53528 | Vaults:1 | Received a gift from Okawaru
 54099 | Vaults:1 | Received a gift from Okawaru
 54102 | Vaults:1 | Got a masterwork demon trident {god gift}
 54104 | Vaults:1 | Identified the +11 demon trident "Zuci" {venom, Int+5}
                  | (Okawaru gifted it to you on level 1 of the Vaults)
 54441 | Vaults:2 | Found a magical portal.
 54459 | WizLab   | Entered Lehudib's Moon Base
 54895 | WizLab   | Found a transporter.
 54936 | WizLab   | Reached XP level 21. HP: 160/178 MP: 30/30
 55156 | WizLab   | Got a coiled ruby amulet
 55159 | WizLab   | Identified the amulet "Dextutit" {RegenMP rF- Str+3 Dex+6
                  | Slay+2} (You found it in a wizard's laboratory)
 55240 | WizLab   | Found a transporter.
 55245 | WizLab   | Received a gift from Okawaru
 55558 | WizLab   | Gained mutation: You are clumsy. (Dex -2) [a neqoxec]
 55963 | WizLab   | Reached skill level 10 in Axes
 56008 | WizLab   | Reached skill level 19 in Fighting
 56068 | WizLab   | Got a slimy bronze ring
 56077 | WizLab   | Got a polished trident
 56083 | WizLab   | Identified the +7 trident "Vidaym" {flame, Str+3 Dex+7}
                  | (You found it in a wizard's laboratory)
 56084 | WizLab   | Identified the ring of the Serpent {rC- MP+9 Str+4 Int+4}
                  | (You found it in a wizard's laboratory)
 56767 | Vaults:2 | Received a gift from Okawaru
 57267 | Vaults:2 | Found a portal to a secret trove of treasure.
 57544 | Vaults:2 | Found Desk's Jewellery Shoppe.
 57556 | Vaults:2 | Bought an uncursed ring of protection from fire for 500
                  | gold pieces
 58290 | Vaults:2 | Found a staircase to the Crypt.
 58367 | Vaults:2 | Reached XP level 22. HP: 176/188 MP: 31/31
 58977 | Spider:1 | Received a gift from Okawaru
 59039 | Spider:1 | Identified the +10 lajatang "Heuci" {flame, rC+++ rN+ MR-
                  | SInv} (You found it on level 1 of the Spider Nest)
 59046 | Spider:1 | Identified the cursed +1 hunting sling "Jofeff" {flame,
                  | +Fly rF+++ Str-3 Dex-3} (You found it on level 1 of the
                  | Spider Nest)
 59294 | Shoals:4 | Killed Kehia's ghost
 59306 | Shoals:4 | Got a brightly glowing whip
 59308 | Shoals:4 | Identified the +7 whip of Mutimn {vorpal, rC+ Int+3} (You
                  | found it on level 4 of the Shoals)
 60180 | Vaults:3 | Received a gift from Okawaru
 60220 | Vaults:3 | Identified the +0 cloak of Yrruasa {rC+} (Okawaru gifted it
                  | to you on level 3 of the Vaults)
 60678 | Vaults:3 | Reached skill level 10 in Dodging
 60964 | Vaults:3 | Found Kecerefu's Assorted Antiques.
 60972 | Vaults:3 | Bought a potion of heal wounds for 130 gold pieces
 61560 | Vaults:3 | Reached skill level 15 in Armour
 61773 | Vaults:1 | Lost mutation: You are covered in fur. (AC +1) [potion of
                  | mutation]
 61773 | Vaults:1 | Lost mutation: You are clumsy. (Dex -2) [potion of
                  | mutation]
 61773 | Vaults:1 | Gained mutation: Armour fits poorly on your strangely
                  | shaped body. [potion of mutation]
 61773 | Vaults:1 | Gained mutation: Your system is resistant to poisons.
                  | (rPois) [potion of mutation]
 61774 | Vaults:1 | Lost mutation: Your system is resistant to poisons. (rPois)
                  | [potion of mutation]
 61774 | Vaults:1 | Lost mutation: Armour fits poorly on your strangely shaped
                  | body. [potion of mutation]
 61774 | Vaults:1 | Gained mutation: Your muscles are strong. (Str +2) [potion
                  | of mutation]
 61774 | Vaults:1 | Gained mutation: You have sharp toenails. [potion of
                  | mutation]
 62504 | Vaults:4 | Received a gift from Okawaru
 62524 | Vaults:4 | Reached XP level 23. HP: 56/196 MP: 4/33
 62531 | Vaults:4 | Slain by a vault warden

Illustrated notes

Levels and vault maps discovered:
D:1:      dpeg_arrival_court, layout_loops_cross
D:2:      layout_basic, kennysheep_slug_shrine, lemuel_doored_altar
D:3:      layout_basic, gammafunk_temple_overflow_statue, uniq_ijyb
D:4:      layout_basic, first_ration, roderic_batcave
D:5:      layout_loops_ring, enter_ossuary_4, kennysheep_generic_room_10,
          uniq_sigmund
D:6:      layout_cave_pools, nicolae_benzene_ring
D:7:      layout_basic, chequers_temple_overflow_statue_of_worship,
          minmay_temple_entry_crystal_x
D:8:      minmay_goldmine, layout_gridville
D:9:      layout_rooms, xom_teletrap_fun, orc_david_3, serial_rivers,
          chequers_serial_rivers_room_b, chequers_serial_rivers_room_a,
          chequers_serial_rivers_micro_e, chequers_serial_rivers_micro_d
D:10:     layout_grid_maze, minmay_lair_entry_grove, hangedman_fish_farm,
          uniq_maggie
D:11:     layout_rooms, due_unseen_surprise
D:12:     gammafunk_jiyva_shrine, layout_stronghold
D:13:     layout_roguey, uniq_frances
D:14:     layout_long_grid, lightli_vaults_fourway_checkpoint, chequers_avenue,
          serial_shops, shop, nicolae_shop_stone, nicolae_shop_crystal
D:15:     hangedman_depths_entry_civil_slaughter, layout_basic,
          nicolae_ru_the_path_less_chosen, minmay_misc_feat_ornament, drop_trap,
          minmay_misc_feat_secret_circle
Temple:   regret_index_temple_waves
Lair:1:   layout_long_grid, cheibrodos_lair_caveside_slide
Lair:2:   layout_regular_city, nicolae_spider_entry_orb_guardian,
          minmay_lair_oklob_bushes, minmay_hedge_maze, uniq_sonja,
          uniq_gastronok, uniq_urug
Lair:3:   lemuel_slime, layout_layer_cave, hangedman_lair_unloving_vines,
          st_stairs_10, lemuel_fruit_tree, serial_bayou_shore_b
Lair:4:   layout_gridlike, minmay_shoals_entry_hut,
          nicolae_volcano_entry_s_turn, zaba_antful_of_joy
Lair:5:   layout_long_grid, gauntlet_entry_generic, serial_forest,
          infiniplex_forest_lined_1, infiniplex_forest_lined_ring,
          infiniplex_forest_end_1, infiniplex_forest_straight_4,
          infiniplex_forest_end_3, infiniplex_forest_lined_room_2,
          infiniplex_forest_straight_5, infiniplex_forest_lined_4_way,
          grunt_megastairs_5, infiniplex_staircase_pool, lemuel_fruit_fields
Lair:6:   gammafunk_lair_ancient_temple, layout_cave_pods, slime_dummy,
          special_room [special_room_mythical_zoo], grunt_forest_small_clearings
Shoals:1: layout_shoals, lightli_airlock, uniq_donald
Shoals:2: layout_shoals, uniq_ilsuiw
Shoals:3: layout_shoals, st_cyclops
Shoals:4: shoals_end_simple, layout_shoals, serial_shops, shop,
          ebering_ghost_disaster_area
Spider:1: gammafunk_the_bubble [the_bubble_gammafunk_crates]
Spider:2: layout_spider_delve
Spider:3: layout_spider_delve, drop_trap, uniq_asterion
Spider:4: johnstein_spider_rune_arachne_lair, drop_trap
Orc:1:    layout_diamond_mine, serial_shops, nicolae_shop_behind_doors,
          nicolae_shop_trees, nicolae_shop_crystal, nicolae_shop_statue_plus,
          basic_altar
Orc:2:    st_orc_mages, layout_diamond_mine, biasface_ghost_orc_armoury
Vaults:1: v_pattern_4, hangedman_vaults_nails, ontoclasm_vaults_fault,
          v_misc_16, nicolae_vaults_specimen_jars, vaults_mumra_chevron,
          vaults_room_hangedman_quadrants, nicolae_vaults_sealed_display,
          serial_ice_h, layout_vaults_omnigrid
Vaults:2: vaults_standard_mumra_x, st_more_cells,
          minmay_crypt_entry_skeletal_spiral, nicolae_vaults_diagonal_hallway_7,
          hangedman_vaults_capsules, nicolae_vaults_windows_and_doors_thing,
          v_misc_24, v_misc_28, grunt_vaults_hallway_short,
          hangedman_vaults_stagger, ontoclasm_vaults_ring_small, v_misc_1,
          layout_vaults_big_cross, enter_trove_2, mu_enter_wizlab_6,
          serial_shops, shop
Vaults:3: v_misc_23, v_rooms_4, hangedman_vaults_impose,
          ontoclasm_vaults_ring_small, v_misc_3,
          nicolae_vaults_stairing_the_circle, v_pattern_2, v_misc_10,
          hangedman_vaults_snaps, ontoclasm_vaults_ring_small, v_misc_19,
          ontoclasm_vaults_twist, nicolae_vaults_shelves_hall,
          vaults_room_stairs_pillars, nicolae_vaults_little_squares_3,
          vaults_room_door_ring, layout_vaults_ring, serial_shops,
          nicolae_shop_overgrown_old_shop
Vaults:4: vaults_dpeg_ring, grunt_vaults_hallway_short,
          nicolae_vaults_minivaults, vaults_room_stairs_pillars,
          nicolae_vaults_hallways_thing, v_rooms_4, nicolae_vaults_arrows,
          vaults_room_corners, nicolae_vaults_little_ls,
          dpeg_vaults_monster_row, ontoclasm_vaults_pinch,
          nicolae_vaults_mini_display_case, vaults_room_boxed,
          layout_vaults_maze

Skill      XL: |  1  2  3  4  5  6  7  8  9 10 11 12 13 14 15 16 17 18 19 20 21 22 23 |
---------------+----------------------------------------------------------------------+-----
Armour         | 1 2 3 4 5 7 8 10 13 14 15 | 15.5
Dodging        | 3 4 5 6 8 9 10 | 10.0
Staves         | 4 5 6 7 9 10 12 13 14 | 14.9
Evocations     | 1 2 3 4 |  4.0
Fighting       | 3 4 5 7 9 10 11 12 14 16 17 18 19 | 19.8
Throwing       | 3 4 5 6 7 8 9 |  9.0
Invocations    | 1 2 4 5 6 8 10 12 13 | 13.8
Crossbows      | 1 2 5 7 8 9 10 | 10.0
Polearms       | 1 7 8 10 13 | 13.8
Shields        | 2 3 5 7 8 9 |  9.0
Stealth        | 1 2 |  2.0
Axes           | 3 6 8 9 11 12 | 12.6

Action                   |  1- 3 |  4- 6 |  7- 9 | 10-12 | 13-15 | 16-18 | 19-21 | 22-24 || total
-------------------------+-------+-------+-------+-------+-------+-------+-------+-------++-------
Melee: Quarterstaff      |    63 |   209 |   453 |   460 |       |       |       |       ||  1185
       Halberd           |       |       |       |    85 |   580 |       |       |       ||   665
       Spear             |       |       |       |       |    16 |       |       |       ||    16
       Trident           |       |       |       |       |   537 |   613 |   504 |       ||  1654
       Battleaxe         |       |       |       |       |       |   150 |   106 |    71 ||   327
       Lajatang          |       |       |       |       |       |       |     7 |   266 ||   273
       Demon trident     |       |       |       |       |       |       |   421 |    22 ||   443
 Fire: Hand crossbow     |       |       |       |   199 |   404 |   706 |   537 |   133 ||  1979
       Triple crossbow   |       |       |       |       |     1 |    33 |    44 |       ||    78
Throw: Dart              |     2 |     3 |    58 |    47 |    10 |     7 |     1 |       ||   128
       Throwing net      |       |     1 |     1 |     3 |       |     2 |     1 |       ||     8
       Stone             |       |       |    14 |       |       |       |       |       ||    14
       Javelin           |       |       |       |       |     6 |     1 |     6 |       ||    13
       Boomerang         |       |       |       |       |       |       |     5 |       ||     5
Invok: Heroism           |       |       |       |    15 |    22 |    10 |     8 |     4 ||    59
       Finesse           |       |       |       |       |     4 |     4 |     5 |     1 ||    14
 Abil: Dig               |       |       |     1 |     2 |    19 |     4 |     9 |       ||    35
Evoke: Wand              |       |     1 |     3 |     6 |     6 |     7 |     2 |       ||    25
       Phial of floods   |       |       |       |       |       |     1 |       |       ||     1
       Lightning rod     |       |       |       |       |       |     4 |       |       ||     4
  Use: Scroll            |     2 |     5 |     9 |    12 |     8 |     8 |    13 |     6 ||    63
       Potion            |       |       |     2 |     1 |     5 |     3 |     3 |     4 ||    18
 Stab: Sleeping          |     1 |       |       |       |     3 |    11 |     1 |     1 ||    17
       Held in net/web   |       |       |     1 |       |       |     1 |       |       ||     2
       Distracted        |       |       |       |       |     1 |       |     1 |       ||     2
       Petrifying        |       |       |       |       |     1 |       |       |       ||     1
       Invisible         |       |       |       |       |       |     1 |       |       ||     1
       Confused          |       |       |       |       |       |     5 |       |       ||     5
  Eat: Chunk             |     1 |     3 |    20 |    16 |    27 |    19 |    10 |     4 ||   100
       Ration            |       |     1 |       |     3 |     5 |    10 |     8 |     3 ||    30
Armor: Leather armour    |     8 |    40 |       |       |       |       |       |       ||    48
       Ring mail         |       |    14 |   161 |    13 |       |       |       |       ||   188
       Scale mail        |       |       |       |    21 |       |    33 |   222 |       ||   276
       Swamp dragon scal |       |       |       |    56 |   162 |   172 |       |       ||   390
       Robe              |       |       |       |       |     1 |       |       |       ||     1
       Troll leather arm |       |       |       |       |       |       |    46 |    53 ||    99
Dodge: Dodged            |    28 |   116 |   223 |   217 |   388 |   389 |   451 |   149 ||  1961
Block: Buckler           |       |       |       |   112 |   295 |   357 |   365 |   105 ||  1234
       Reflection        |       |       |       |     6 |    36 |    69 |    35 |     8 ||   154
